 Dungeon Crawl Stone Soup version 0.19-a0-1260-gc94d3f7 (webtiles) character file.

28 rlgrobin the Sneak (level 3, -7/17 HPs)
             Began as a Felid Chaos Knight on Aug 28, 2016.
             Killed from afar by a white imp (8 damage)
             ... with a puff of frost
             ... summoned by Xom
             ... on level 1 of the Dungeon.
             The game lasted 00:01:47 (979 turns).

rlgrobin the Sneak (Felid Chaos Knight)              Turns: 979, Time: 00:01:48

Health: -7/17      AC:  1    Str:  8    XL:     3   Next: 0%
Magic:  4/4        EV: 18    Int: 13    God:    Xom [....*.]
Gold:   42         SH:  0    Dex: 16    Spells: 0 memorised, 2 levels left
                                        Lives:  0   Deaths: 0

rFire  . . .     SeeInvis +       - Unarmed
rCold  . . .     Gourm    .     (armour unavailable)
rNeg   . . .     Faith    .     (shield unavailable)
rPois  .         Spirit   .     (helmet unavailable)
rElec  .         Dismiss  .     (cloak unavailable)
rCorr  .         Reflect  .     (gloves unavailable)
MR     .....     Harm     .     (boots unavailable)
Stlth  +++.......               (no amulet)
                                (no ring)
                                (no ring)

@: cleaving, quick
A: no armour, no weapons or thrown items, claws 1, fangs 3, see invisible,
carnivore 3, speed 1, shaggy fur 1, slow metabolism 1, sharp paws
a: Renounce Religion


You were on level 1 of the Dungeon.
You worshipped Xom.
You were a beloved toy of Xom.
You were completely stuffed.

You visited 1 branch of the dungeon, and saw 1 of its levels.

You collected 42 gold pieces.

Inventory:

Scrolls
 b - a scroll of magic mapping {unknown}
 c - a scroll of remove curse {unknown}
 d - 3 scrolls of blinking
 e - a scroll of enchant weapon {unknown}
Comestibles
 a - a meat ration
 f - a chunk of flesh


   Skills:
 - Level 3.0 Fighting
 - Level 3.2 Dodging
 + Level 4.0 Stealth
 - Level 3.0 Unarmed Combat


You had 2 spell levels left.
You didn't know any spells.

Dungeon Overview and Level Annotations

Branches:
Dungeon (1/15)

Altars:
The Shining One


Innate Abilities, Weirdness & Mutations

You cannot wear armour.
You are incapable of wielding weapons or throwing items.
You have sharp claws.
You have razor-sharp teeth.
You have supernaturally acute eyesight. (SInv)
You are carnivorous and can eat meat at any time.
You cover ground quickly.
You are covered in fur. (AC +1)
You have a slow metabolism.
Your sharp claws are effective at attacking unaware monsters.


Message History

You start resting.
A giant newt comes into view.
You close the door.
You start resting. "Time to have some fun!"
You open the door. The white imp closely misses you.
There is an open door here.
Press: ? - help, v - describe, . - travel
Here: a white imp (summoned)
The floor.
The white imp shouts, "Scamper away, thou droning doghearted strumpet!"
The white imp gestures at you. The puff of frost hits you!
* * * LOW HITPOINT WARNING * * *
You barely miss the giant newt.
The giant newt hisses angrily.
Your bite misses the giant newt. The white imp gestures at you.
The puff of frost hits you!
You die...

#..##.###.#.#.# #.# #.# #.#.
#.###.# #.#.#.######.#####.###.#.
.[....###.#.#....................
##.........).#######.############
##.#......#..#######.# #
...................#[# #
...#.###...#.#####.#.# ###
####..##...#.#####.#.# #####..
##.##.....5..@l...# #......
#.###..#.#####.### ###.#.... #.#
####'## #.# ##...##... #.#
#♣...♣# #S# #....###.# #####.#
#.....# #.# ##.###.##.#
......####♣..)♣# #.# #...###.#.#
........##.....# #.# #....###...
###.....####_### #.# #........<.
.>......## ### ##÷####....###...


You could see a white imp and a giant newt.

Vanquished Creatures
  An adder (D:1)
  A dart slug (D:1)
  A giant gecko (D:1)
  3 goblins (D:1)
  2 hobgoblins (D:1)
  4 jackals (D:1)
  A bat (D:1)
  2 rats (D:1)
15 creatures vanquished.

Notes
Turn   | Place    | Note
-------+----------+-------------------------------------------
     0 | D:1      | rlgrobin the Felid Chaos Knight began the quest for the Orb.
     0 | D:1      | Reached XP level 1. HP: 10/10 MP: 2/2
    31 | D:1      | Reached skill level 1 in Stealth
   311 | D:1      | Reached skill level 2 in Stealth
   373 | D:1      | Reached XP level 2. HP: 14/14 MP: 3/3
   419 | D:1      | Found a glowing golden altar of the Shining One.
   478 | D:1      | Reached skill level 3 in Stealth
   741 | D:1      | XOM: cleaving
   833 | D:1      | XOM: butterfly on damage
   849 | D:1      | Reached skill level 4 in Stealth
   849 | D:1      | Reached XP level 3. HP: 8/17 MP: 4/4
   971 | D:1      | XOM: summons 1 hostile demon
   979 | D:1      | Killed from afar by a white imp

Vault maps used:
D:1:      roderic_crossed_star, tso_altar

Skill      XL: |  1  2 |
---------------+-------+-----
Stealth        | 2 4 |  4.0
Fighting       | |  3.0
Dodging        | |  3.2
Unarmed Combat | |  3.0

Action                   || total
-------------------------++-------
Melee: Unarmed           ||    59
       Bite              ||     4
  Use: Scroll            ||     1
 Stab: Sleeping          ||     4
  Eat: Chunk             ||     7
Armor: Skin              ||     1
Dodge: Dodged            ||    51
